 Dungeon Crawl Stone Soup version 0.21.0-37-g46506fa (webtiles) character file.

1279 Helkin the Shield-Bearer (level 8, 0/48 HPs)
             Began as a Gargoyle Fighter on Jan 31, 2018.
             Was a Believer of Qazlal.
             Slain by a two-headed ogre
             ... wielding a +0 giant club
              (21 damage)
             ... on level 8 of the Dungeon.
             The game lasted 00:54:53 (3251 turns).

Helkin the Shield-Bearer (Gargoyle Fighter)         Turns: 3251, Time: 00:54:56

Health: 0/48       AC: 13    Str: 22    XL:     8   Next: 54%
Magic:  8/8        EV:  8    Int: 14    God:    Qazlal [**....]
Gold:   243        SH: 13    Dex:  9    Spells: 7/7 levels left

rFire    + . .     SeeInvis .   a - +0 war axe
rCold    . . .     Gourm    .   c - +0 shield
rNeg     + . .     Faith    .   n - +0 scale mail
rPois    ∞         Spirit   .   (no helmet)
rElec    +         Reflect  .   (no cloak)
rCorr    .         Harm     .   (no gloves)
MR       +....                  (no boots)
Stlth    ..........             (no amulet)
HPRegen  0.16/turn              m - ring of protection from magic
MPRegen  0.11/turn              j - ring of protection from fire

@: brilliant, fainting
A: negative energy resistance 1, electricity resistance, unbreathing,
petrification resistance, rot immunity, AC +5
a: Upheaval, Renounce Religion


You were on level 8 of the Dungeon.
You worshipped Qazlal.
Qazlal was pleased with you.
You were fainting.

You visited 1 branch of the dungeon, and saw 7 of its levels.

You collected 243 gold pieces.

Inventory:

Hand Weapons
 a - a +0 war axe (weapon)
 d - a +0 hand crossbow
Armour
 b - a +0 scale mail
 c - a +0 shield (worn)
 n - a +0 scale mail (worn)
Jewellery
 j - a ring of protection from fire (right hand)
 m - a ring of protection from magic (left hand)
Wands
 r - a wand of polymorph (23)
 s - a wand of flame (24)
 t - a wand of enslavement (9)
Scrolls
 i - a scroll of immolation
 l - 2 scrolls of remove curse
 p - a scroll of blinking
 u - a scroll of torment
Potions
 h - 2 potions of brilliance
 k - a potion of invisibility
 o - a potion of agility
 q - a potion of flight {unknown}
Comestibles
 f - 8 rations


   Skills:
 + Level 4.9 Fighting
 + Level 6.4 Axes
 + Level 5.1 Armour
 - Level 0.8 Dodging
 + Level 1.2 Stealth
 * Level 6.5 Shields


You had 7 spell levels left.
You didn't know any spells.

Dungeon Overview and Level Annotations

Branches:
Dungeon (8/15)
 Temple: D:4-7         Lair: D:8-11

Altars:
Cheibriados
Dithmenos
Elyvilon
Okawaru
Qazlal
Trog
The Shining One


Innate Abilities, Weirdness & Mutations

You are resistant to torment.
Your stone body is resilient. (AC +5)
You are immune to poison.
You resist negative energy. (rN+)
You are resistant to electric shocks. (rElec)
You can survive without breathing.
You are immune to petrification.
You are immune to rotting.


Message History

A centaur comes into view.
Okay, then.
There are monsters nearby!
You slash the two-headed ogre!
The two-headed ogre is lightly wounded.
The centaur wields a shortbow.
The centaur shoots an arrow.
You block the arrow.
The two-headed ogre completely misses you.
You block the two-headed ogre's attack.
You hit the two-headed ogre but do no damage.
The two-headed ogre is lightly wounded.
The centaur shoots an arrow.
The arrow hits you.
The centaur shoots an arrow.
You block the arrow.
You block the two-headed ogre's attack. x2
You hit the two-headed ogre but do no damage.
The two-headed ogre is lightly wounded.
The centaur shoots an arrow.
The arrow hits you!
The centaur shoots an arrow.
You block the arrow.
The two-headed ogre hits you with a giant club!
The two-headed ogre hits you with a giant spiked club!!
You die...

##.###.####
#.........#
#(........#
#...)......
#.........c
#####.........#
.......O......#
#.§@......#
#...§.....#
#.........#
###########


You could see a two-headed ogre and a centaur.

Vanquished Creatures
  Duvessa (D:4)
  A sky beast (D:7)
  An ogre (D:4)
  Dowan (D:4)
  4 killer bees (D:7)
  4 howler monkeys
  A jelly (D:6)
  2 hounds (D:7)
  2 orc priests (D:7)
  2 centaur skeletons
  Jessica (D:2)
  4 orc wizards (D:4)
  4 worker ants
  A hound skeleton (D:6)
  6 adders
  3 gnolls (D:6)
  A shadow imp (D:6)
  An ooze (D:1)
  An adder skeleton (D:6)
  4 dart slugs
  11 orcs
  4 giant cockroaches
  A goblin (D:3)
  4 hobgoblins
  2 jackals (D:1)
  5 kobolds
  3 quokkas
  A ball python (D:3)
  6 bats
  3 frilled lizards
  3 rats
88 creatures vanquished.

Notes
Turn   | Place    | Note
-------+----------+-------------------------------------------
     0 | D:1      | Helkin the Gargoyle Fighter began the quest for the Orb.
     0 | D:1      | Reached XP level 1. HP: 14/14 MP: 1/1
    64 | D:1      | Reached XP level 2. HP: 18/19 MP: 2/2
   361 | D:2      | Reached XP level 3. HP: 24/24 MP: 3/3
   430 | D:2      | Noticed Jessica
   437 | D:2      | Killed Jessica
   452 | D:2      | Found a stormy altar of Qazlal.
   453 | D:2      | Noticed an earth elemental
   454 | D:2      | Noticed a fire elemental
   455 | D:2      | Noticed a water elemental
   455 | D:2      | Noticed an air elemental
   460 | D:2      | Became a worshipper of Qazlal Stormbringer
   652 | D:3      | Found a snail-covered altar of Cheibriados.
   663 | D:3      | Reached XP level 4. HP: 18/29 MP: 4/4
   995 | D:3      | Found a glowing golden altar of the Shining One.
  1260 | D:3      | Reached * piety under Qazlal
  1260 | D:3      | Reached XP level 5. HP: 27/33 MP: 5/5
  1417 | D:4      | Reached XP level 6. HP: 32/38 MP: 6/6
  1425 | D:4      | Noticed Duvessa
  1440 | D:4      | Killed Duvessa
  1440 | D:4      | Reached skill level 1 in Stealth
  1440 | D:4      | Reached XP level 7. HP: 22/44 MP: 7/7
  1460 | D:4      | Noticed Dowan
  1577 | D:4      | Killed Dowan
  1577 | D:4      | Reached skill level 5 in Shields
  1712 | D:4      | Found a bloodstained altar of Trog.
  1712 | D:4      | Found a glowing golden altar of the Shining One.
  1718 | D:4      | Found a faded altar of an unknown god.
  1723 | D:4      | Found a shadowy altar of Dithmenos.
  1725 | D:4      | Found a white marble altar of Elyvilon.
  1933 | D:4      | You fall through a shaft for 2 floors!
  2219 | D:6      | Reached skill level 5 in Axes
  2520 | D:7      | Found an iron altar of Okawaru.
  2578 | D:7      | Reached ** piety under Qazlal
  2592 | D:7      | Reached XP level 8. HP: 39/48 MP: 8/8
  2772 | D:7      | Reached skill level 5 in Armour
  3220 | D:7      | Paralysed by fainting for 12 turns
  3247 | D:8      | Noticed a two-headed ogre
  3251 | D:8      | Slain by a two-headed ogre

Skill      XL: |  1  2  3  4  5  6  7  8 |
---------------+-------------------------+-----
Axes           | 2 3 4 5 6 |  6.4
Shields        | 4 5 6 |  6.5
Fighting       | 4 |  4.9
Armour         | 4 5 |  5.1
Stealth        | 1 |  1.2
Dodging        | |  0.8

Action                   |  1- 3 |  4- 6 |  7- 9 || total
-------------------------+-------+-------+-------++-------
Melee: War axe           |    81 |   154 |   252 ||   487
  Use: Scroll            |     6 |     3 |     4 ||    13
       Potion            |       |     2 |     1 ||     3
  Eat: Chunk             |       |     2 |     4 ||     6
Armor: Scale mail        |    64 |    91 |   111 ||   266
Dodge: Dodged            |    22 |    44 |    57 ||   123
Block: Shield            |    59 |    94 |   168 ||   321
